 Dungeon Crawl Stone Soup version 0.30.0-13-g156ef70053 (webtiles) character file.

Game seed: 13462090479710296880

4372 rundlesten the Severer (level 10, 0/121 HPs)
             Began as a Minotaur Berserker on May 17, 2023.
             Was an Elder of Trog.
             Succumbed to a killer bee's poison
             ... on level 8 of the Dungeon.
             The game lasted 01:00:59 (7962 turns).

rundlesten the Severer (Minotaur Berserker)         Turns: 7962, Time: 01:01:00

Health: 0/121      AC:  4    Str: 29    XL:     10   Next: 13%
Magic:  9/9        EV: 11    Int:  4    God:    Trog [****..]
Gold:   349        SH:  0    Dex: 13    Spells: 9/9 levels left

rFire   . . .        m - +1 war axe
rCold   . . .        y - orb {light}
rNeg    + . .        p - +0 scale mail
rPois   .            (helmet restricted)
rElec   .            (no cloak)
rCorr   .            (no gloves)
SInv    .            D - +0 pair of boots
Will    ++...        d - amulet of faith Stlth
                     j - +6 ring of strength
HPRegen 1.40/turn    l - ring of positive energy
MPRegen 0.11/turn

%: faith
@: berserking, lethally poisoned (0 -> -5), strong-willed, corroded,
regenerating, glowing, very quick
A: horns 2, retaliatory headbutt
a: Renounce Religion, Berserk, Trog's Hand, Brothers in Arms


You were on level 8 of the Dungeon.
You worshipped Trog.
Trog was greatly pleased with you.
You visited 1 branch of the dungeon, and saw 8 of its levels.

You collected 349 gold pieces.

Inventory:

Hand Weapons
 m - a +1 war axe (weapon)
 s - a +0 sling
 B - a +2 battleaxe
 F - the +6 hand axe of Obsession {freeze, *Noise rPois Int+5}
   (You found it on level 8 of the Dungeon)

   Int:       It affects your intelligence (+5).
   rPois:     It protects you from poison.
   *Noise:    It may make noises in combat.
Missiles
 e - 96 stones
 g - 9 curare-tipped darts
 t - 9 boomerangs
 w - 2 poisoned darts
Armour
 p - a +0 scale mail (worn)
 y - an orb of light (worn)
 D - a +0 pair of boots (worn)
Jewellery
 d - an amulet of faith (around neck)
 j - a +6 ring of strength (left hand)
 l - a ring of positive energy (right hand)
Wands
 C - a wand of roots (12)
Scrolls
 c - a scroll of fog
 f - 3 scrolls of teleportation
 h - a scroll of poison
 i - a scroll of brand weapon {unknown}
 k - 2 scrolls of vulnerability
 q - 3 scrolls of enchant armour
Potions
 a - 6 potions of curing (quivered)
 b - 3 potions of attraction
 n - a potion of experience {unknown}
 o - a potion of degeneration {unknown}
 r - a potion of brilliance {unknown}
 u - a potion of lignification {unknown}
 v - a potion of ambrosia {unknown}
 x - 2 potions of heal wounds {unknown}
 z - a potion of mutation {unknown}
 A - 2 potions of flight {unknown}
 E - a potion of might {unknown}


   Skills:
 - Level 5.0 Fighting
 + Level 16.4 Axes
 - Level 4.3 Armour
 - Level 3.8 Dodging


You had 9 spell levels left.
You didn't know any spells.
Your spell library was empty.

Dungeon Overview and Level Annotations

Branches:
Dungeon (8/15)             Temple (0/1) D:6
   Lair: D:8-11

Altars:
Ashenzari
Cheibriados
Elyvilon
Fedhas
Hepliaklqana
Kikubaaqudgha
Qazlal
Sif Muna
Trog
Wu Jian
Xom
Yredelemnul

Shops:
D:3 *

Annotations:
D:3 good shoppe


Innate Abilities, Weirdness & Mutations

You have a pair of horns on your head.
You reflexively headbutt those who attack you in melee.


Message History

The killer bee stings you.
* * * LOW HITPOINT WARNING * * *
You are more poisoned.
The killer bee poisons you!
You hit the killer bee.
You kill the killer bee!
Trog accepts your kill.
You barely miss the killer bee. x2; You feel sick.
The killer bee stings you but does no damage.
The killer bee misses you.
You closely miss the killer bee.
The killer bee is almost dead.
You hit the killer bee but do no damage.
You feel sick.
The killer bee stings you but does no damage.
The killer bee barely misses you.
You barely miss the killer bee.
The killer bee is almost dead.
You slash the killer bee!
You feel sick.
You miss the killer bee. Your headbutt misses the killer bee.
The killer bee is almost dead.
You slash the killer bee!
You kill the killer bee!
Trog accepts your kill.
You feel sick. The killer bee stings you.
* * * LOW HITPOINT WARNING * * *
You barely miss the killer bee.
The killer bee is almost dead.
You feel sick. The killer bee stings you.
* * * LOW HITPOINT WARNING * * *
You are more poisoned.
The killer bee poisons you!
You slice the killer bee!!
You kill the killer bee!
Trog accepts your kill.
* * * LOW HITPOINT WARNING * * *
You feel sick.
You are too berserk!
Okay, then.
You die...

##+#
##...#
##?....##
#.......##
.........#
.........+
.......†.#
#......@#
##....†##
##...#
##+#


There were no monsters in sight!

Vanquished Creatures
  Maggie (D:7)
  Prince Ribbit (D:7)
  Sigmund (D:4)
  2 steam dragons
  Eustachio (D:5)
  Grum (D:8)
  A water moccasin (D:5)
  4 ice beasts
  4 wolves (D:8)
  An ogre (D:5)
  5 black bears
  A centaur (D:4)
  A kobold brigand (D:6)
  4 bullfrogs
  4 wights (D:7)
  5 killer bees (D:8)
  A howler monkey (D:5)
  2 jellies
  3 gnoll boudas
  4 hounds
  2 orc priests
  5 iguanas
  7 orc wizards
  16 gnolls
  10 adders
  4 white imps
  2 ufetubi
  3 worms
  A dart slug (D:2)
  12 orcs
  4 endoplasms
  2 giant cockroaches
  3 goblins
  5 hobgoblins
  3 jackals (D:2)
  3 quokkas
  7 ball pythons
  5 bats
  A frilled lizard (D:1)
  12 kobolds
  2 rats
  A rat zombie (D:3)
  A spectral orc (D:7)
158 creatures vanquished.

Notes
Turn   | Place    | Note
-------+----------+-------------------------------------------
     0 | D:1      | rundlesten the Minotaur Berserker began the quest for the
                  | Orb.
     0 | D:1      | Reached XP level 1. HP: 19/19 MP: 0/0
   293 | D:1      | Reached XP level 2. HP: 27/27 MP: 1/1
   690 | D:2      | Reached skill level 4 in Axes
   725 | D:2      | Reached XP level 3. HP: 31/33 MP: 2/2
   725 | D:2      | Reached ** piety under Trog
  1124 | D:2      | Found a faded altar of an unknown god.
  1831 | D:2      | Reached XP level 4. HP: 40/40 MP: 3/3
  2167 | D:3      | Found a white marble altar of Elyvilon.
  2426 | D:3      | Found an ancient bone altar of Kikubaaqudgha.
  2508 | D:3      | Found Keanuex's Assorted Antiques.
  2697 | D:3      | Found an ornate altar of the Wu Jian Council.
  3191 | D:4      | Noticed Sigmund
  3202 | D:4      | Killed Sigmund
  3203 | D:4      | Reached skill level 5 in Fighting
  3203 | D:4      | Reached skill level 5 in Axes
  3203 | D:4      | Reached XP level 5. HP: 48/48 MP: 4/4
  3228 | D:4      | Reached XP level 6. HP: 43/56 MP: 5/5
  3264 | D:4      | Reached skill level 6 in Axes
  3313 | D:4      | Reached skill level 7 in Axes
  3313 | D:4      | Reached XP level 7. HP: 54/61 MP: 6/6
  3316 | D:4      | Found a bloodstained altar of Trog.
  3533 | D:4      | Reached skill level 8 in Axes
  4146 | D:4      | Found a broken altar of Ashenzari.
  4221 | D:5      | Entered Level 5 of the Dungeon
  4423 | D:5      | Reached skill level 9 in Axes
  4608 | D:5      | Reached skill level 10 in Axes
  4608 | D:5      | Reached XP level 8. HP: 52/68 MP: 7/7
  4953 | D:5      | Reached *** piety under Trog
  4954 | D:5      | Reached skill level 11 in Axes
  4959 | D:5      | Found a hazy altar of Hepliaklqana.
  5423 | D:5      | Noticed Eustachio
  5432 | D:5      | Killed Eustachio
  5547 | D:6      | Reached skill level 12 in Axes
  5744 | D:6      | Found a staircase to the Ecumenical Temple.
  5821 | D:6      | Reached skill level 13 in Axes
  5821 | D:6      | Reached XP level 9. HP: 64/74 MP: 8/8
  5828 | D:6      | Found a shimmering blue altar of Sif Muna.
  6175 | D:6      | Found a stormy altar of Qazlal.
  6183 | D:6      | Found a blossoming altar of Fedhas.
  6364 | D:7      | Reached skill level 14 in Axes
  6375 | D:7      | Noticed Maggie
  6388 | D:7      | Killed Maggie
  6803 | D:7      | Reached skill level 15 in Axes
  6883 | D:7      | Found a shimmering altar of Xom.
  6942 | D:7      | Noticed Prince Ribbit
  6953 | D:7      | Killed Prince Ribbit
  7017 | D:7      | Reached **** piety under Trog
  7112 | D:7      | Found a basalt altar of Yredelemnul.
  7224 | D:7      | Found a snail-covered altar of Cheibriados.
  7651 | D:8      | Reached skill level 16 in Axes
  7651 | D:8      | Reached XP level 10. HP: 67/81 MP: 9/9
  7735 | D:8      | Noticed Grum
  7743 | D:8      | Killed Grum
  7847 | D:8      | Identified the +6 hand axe of Obsession {freeze, *Noise
                  | rPois Int+5}
  7960 | D:8      | HP: 2/121 [killer bee (5)]
  7962 | D:8      | Succumbed to a killer bee's poison

Illustrated notes

Levels and vault maps discovered:
D:1:      lightli_arrival_isolated_outpost, layout_rooms
D:2:      layout_loops_corners, shapermc_ecumenical_altar_totnotflames
D:3:      layout_basic, lemuel_zombie_altar_kikubaaqudgha, elyvilon_altar_5,
          nzn_wu_jian_contemplation, serial_shops, nicolae_shop_real_fake_doors
D:4:      layout_loops_corners, evilmike_ruin_ashenzari, trog_ov_bears_minmay,
          minmay_distorted, uniq_sigmund
D:5:      layout_loops_corners, nzn_hepliaklqana_mist_gate, serial_bayou,
          serial_bayou_pond_d, serial_bayou_ford_a, serial_bayou_pond_e,
          serial_bayou_shore_b, uniq_eustachio
D:6:      layout_rooms, kennysheep_little_box,
          grunt_temple_overflow_forces_of_nature, minmay_temple_entry_poolview,
          minmay_checkerbox
D:7:      layout_basic, chei_slow_surprise, mainiacjoe_overflow_alcove_1,
          yredelemnul_forgotten_temple_becter, uniq_maggie, uniq_prince_ribbit1
D:8:      cheibrodos_helix_gallery, layout_loops_corners, uniq_grum

Skill      XL: |  1  2  3  4  5  6  7  8  9 |
---------------+----------------------------+-----
Fighting       | 4 5 |  5.0
Axes           | 4 5 7 10 13 16 | 16.4
Armour         | 3 4 |  4.3
Dodging        | 3 |  3.8

Action                     |  1- 3 |  4- 6 |  7- 9 | 10-12 || total
---------------------------+-------+-------+-------+-------++-------
  Melee: Hand axe          |    61 |       |       |       ||    61
         Headbutt          |     5 |     8 |    38 |     3 ||    54
         War axe           |       |    42 |   224 |    22 ||   288
         Punch             |       |     1 |       |       ||     1
 Invoke: Trog's Hand       |       |     2 |     5 |     1 ||     8
         Berserk           |       |     1 |     6 |     1 ||     8
    Use: Scroll            |       |     3 |     5 |     2 ||    10
   Stab: Sleeping          |     2 |       |       |       ||     2
 Armour: Animal skin       |    16 |     3 |       |       ||    19
         Scale mail        |       |    16 |    79 |     7 ||   102
         Leather armour    |       |     3 |       |       ||     3
  Dodge: Dodged            |    45 |    29 |   123 |    20 ||   217
